Unix NetHack Version 5.0.0-0 post-release - last build May 10 2026 23:12:36 (d1fa5d53e341ca933230fdaa984d921c805b60aa,branch:main).

Game began 2026-05-15 04:42:04, ended 2026-05-15 09:07:01.

2932467751, lawful female dwarven Valkyrie

       ----------  -------                                               ----
       |........----..........*##    -----                        ----  |...|
       +..{...|.......-........##  ---...---                -------..-- |...|
       |.....--------.....|......---.......-                |.........--.--+-
       |-|--.| ----- |............-.........---------.--+-  --..............|
       |...|.| |]((. -...|............G...---.............----....{.....-----
       |...|.| |(((.-...-|................|-..-----|---+-...............-..|
     -------.| |(((. -...--..............-|...G.--      ---..|.........-|..|
     |.......| ----- |..............@...---..|...--     --...| ...---.-- ---
    ------------     ---.........-|.|-......---...-------....----  --|---
    |...|%?%)*]       ............|.|---.........@.|...|........|  |..%.|
    --..|....         ....{.......|.|  -----G.....@....---......-- |%%..|
    --..--|--------.. -...........-.|       -.---..f..........|..| ------
    |................--......-.---|.|       |.| ----.....|....|..-----
    -+--........--.-.....-+--     |.|       |.|    --...----..|....|.----
       ---..-.---..----..|        |.+     ---|---   -----  ---|.........|--
         |.-|.. |..   ----        ---     |.....|             ----.....-|.--
         -.--+---.-                       |.._..|                -.|....|..--
         ..     ..                        |.....|                   ---.....|
        ----   ---                        -------                      --..<|
                                                                        -----
2932467751 the Skirmisher   St:13 Dx:16 Co:19 In:9 Wi:10 Ch:8  Lawful
Dlvl:7  $:170 HP:0(65) Pw:6(6) AC:6  Xp:5 T:2796 

Latest messages:
 Your small glob of gray ooze shrinks.
 You hit the mountain nymph!
 The mountain nymph pretends to be friendly.
 The mountain nymph stole an orange gem.
 The mountain nymph vanishes!
 You hear someone beseeching Tyr.
 You hear some noises in the distance.
 You swap places with the peaceful watch captain.
 You hear someone praising Tyr.
 You hear some noises in the distance.
 The lichen touches you!
 You kill the lichen!
 You see here a lichen corpse.
 h - a lichen corpse (3 in total).
 You swap places with the peaceful gnome.
 You swap places with the peaceful watchman.
 The jaguar hits!
 The jaguar hits again!
 The jaguar bites!
 The jaguar hits!
 The jaguar hits again!
 The jaguar just misses!
 You hit the jaguar.
 The jaguar hits!
 The jaguar misses!
 The jaguar bites!
 You hit the jaguar.
 The jaguar hits!
 The jaguar hits again!
 The jaguar bites!
 You hear someone cursing shoplifters.
 You miss the jaguar.
 The jaguar hits!
 The jaguar hits again!
 The jaguar bites!
 The jaguar hits!
 The jaguar hits again!
 The jaguar bites!
 You hit the jaguar.
 The jaguar hits!
 The jaguar just misses!
 The jaguar bites!
 You miss the jaguar.
 The jaguar hits!
 You die...
 Do you want your possessions identified? [ynq] (y) y
 Do you want to see your attributes? [ynq] (y) y
 Do you want an account of creatures vanquished? [ynaq] (y) y
 Do you want to see your conduct and achievements? [ynq] (y) y
 Do you want to see the dungeon overview? [ynq] (y) y

Inventory:
 Coins    ('$')
  $ - 170 gold pieces
 Weapons  (')')
  w - a +0 arrow
  x - a cursed -1 arrow
  b - a +0 dagger (alternate weapon; not wielded)
  K - 2 +0 daggers (at the ready)
  a - a +1 dwarvish spear (weapon in right hand)
 Armor    ('[')
  L - an uncursed +0 orcish helm
  c - an uncursed +3 small shield (being worn)
  M - an uncursed +0 mummy wrapping
 Comestibles  ('%')
  A - an uncursed candy bar labeled "Moon Crunchy"
  g - an uncursed cram ration
  d - 2 uncursed food rations
  h - 3 uncursed lichen corpses
  N - an uncursed small glob of gray ooze
 Scrolls  ('?')
  s - an uncursed scroll of confuse monster
  i - an uncursed scroll of enchant armor
  r - an uncursed scroll of genocide
  j - 2 uncursed scrolls of taming
 Potions  ('!')
  f - an uncursed potion of fruit juice
 Wands    ('/')
  C - a wand of polymorph (0:7)
 Tools    ('(')
  n - an uncursed credit card
  E - an uncursed tin whistle
  y - an uncursed towel
 Gems/Stones  ('*')
  o - an uncursed topaz stone
  z - an uncursed turquoise stone
  l - an uncursed worthless piece of blue glass
  p - an uncursed worthless piece of orange glass
  q - 2 uncursed worthless pieces of violet glass
  I - an uncursed worthless piece of white glass
  F - 3 uncursed worthless pieces of yellow glass

2932467751 the Valkyrie's attributes:

Background:
 You were a Skirmisher, a level 5 dwarven Valkyrie.
 You were lawful, nominally on a mission for Tyr
 who was opposed by Odin (neutral) and Loki (chaotic).
 You were right-handed.
 You were in the Gnomish Mines, on level 7.
 You entered the dungeon 2796 turns ago.
 You had 215 experience points, 105 more were needed to attain level 6.

Basics:
 You had 0 out of 65 hit points.
 You had all 6 energy points (spell power).
 Your armor class was 6.
 Your wallet contained 170 zorkmids.
 Autopickup was off.

Final Characteristics:
 Your strength was 13 (limit:18/100).
 Your dexterity was 16 (limit:20).
 Your constitution was 19 (limit:20).
 Your intelligence was 9 (limit:16).
 Your wisdom was 10 (limit:16).
 Your charisma was 8 (limit:16).

Final Status:
 You weren't hungry.
 You were unencumbered.
 You were wielding a spear.
 You had basic skill with spear and could have enhanced that.

Final Attributes:
 You were piously aligned.
 You were cold resistant.
 You had infravision.
 You were stealthy.
 You are dead.

Miscellaneous:
 You didn't encounter any bones levels.
 Total elapsed playing time was 1 hour, 24 minutes and 17 seconds.

Major events:
 Turn
    1: 2932467751 the lawful dwarven Valkyrie entered the dungeon
  795: entered the Gnomish Mines
 1083: attained the rank of Skirmisher (level 3)
 1919: reached Mine Town
 2796: killed by a jaguar

You didn't know any spells.

Skills:
 Fighting Skills
   bare handed combat [Unskilled]
   two weapon combat  [Unskilled]
   riding             [Unskilled]
 Weapon Skills
   dagger             [Basic]
   axe                [Unskilled]
   pick-axe           [Unskilled]
   short sword        [Unskilled]
   broadsword         [Unskilled]
   long sword         [Unskilled]
   two-handed sword   [Unskilled]
   saber              [Unskilled]
   hammer             [Unskilled]
   quarterstaff       [Unskilled]
   polearms           [Unskilled]
   spear              [Basic]
   trident            [Unskilled]
   lance              [Unskilled]
   sling              [Unskilled]
 Spellcasting Skills
   attack spells      [Unskilled]
   escape spells      [Unskilled]

Voluntary challenges:
 Character rerolling was not enabled.
 You followed a strict vegan diet.
 You were an atheist.
 You were illiterate.
 You never genocided any monsters.
 You never polymorphed an object.
 You never changed form.
 You used no wishes.
Achievements:
 You entered a shop.
 You entered the Gnomish Mines.
 You attained the rank of Skirmisher.
 You entered Minetown.
 You entered a temple.

 The Dungeons of Doom: levels 1 to 3
    Level 1:
    Level 2:
    Level 3:
       A general store.
       Stairs down to The Gnomish Mines.
 The Gnomish Mines: levels 4 to 7
    Level 4:
    Level 5:
    Level 6:
    Level 7: <- You were here.
       Some shops, a temple and an altar to Tyr, many fountains.
       Final resting place for
          you, killed by a jaguar.


Vanquished creatures:
  a leprechaun
  a gnome mummy
  a rope golem
  a rock mole
  a fog cloud
  a violet fungus
  5 gnome leaders
  a gray ooze
 an elf zombie
  3 dwarves
  a rothe
  2 orc zombies
  2 iguanas
  a hobbit
  a hobgoblin
  a brown mold
  a yellow mold
 23 gnomes
  3 geckos
  4 jackals
  a fox
  a sewer rat
  a grid bug
  5 lichens
  a kobold zombie
  7 newts
71 creatures vanquished.

No species were genocided or became extinct.

Game over:
                       ----------
                      /          \
                     /    REST    \
                    /      IN      \
                   /     PEACE      \
                  /                  \
                  |    2932467751    |
                  |      170 Au      |
                  |   killed by a    |
                  |      jaguar      |
                  |                  |
                  |                  |
                  |       2026       |
                 *|     *  *  *      | *
        _________)/\\_//(\/(/\)/\//\/|_)_______

Farvel 2932467751 the Valkyrie...

You died in The Gnomish Mines on dungeon level 7 with 1313 points,
and 170 pieces of gold, after 2796 moves.
You were level 5 with a maximum of 65 hit points when you died.

